 Dungeon Crawl Stone Soup version 0.28-a0-10-g964c8b829e (webtiles) character file.

Game seed: 1166813665250375019

1 willcat the Sneak (level 1, -2/22 HPs)
             Began as a Troll Delver on July 26, 2021.
             Slain by a hornet zombie (6 damage)
             ... on level 5 of the Dungeon.
             The game lasted 00:00:17 (29 turns).

willcat the Sneak (Troll Delver)                      Turns: 29, Time: 00:00:17

Health: -2/22      AC:  4    Str: 19    XL:     1   Next: 16%
Magic:  0/0        EV:  9    Int:  6    God:
Gold:   0          SH:  0    Dex: 11    Spells: 0/0 levels left

rFire   . . .      SeeInvis .     - Unarmed
rCold   . . .      Faith    .   (no shield)
rNeg    . . .      Spirit   .   a - +0 robe
rPois   .          Reflect  .   (helmet restricted)
rElec   .          Harm     .   (no cloak)
rCorr   .          Rampage  .   (gloves unavailable)
Will    .....                   (boots unavailable)
Stlth   ++........              (no amulet)
HPRegen 1.07/turn               (no ring)
MPRegen 0.07/turn               (no ring)

@: hasted, very quick
A: large, unfitting armour, claws 3, regeneration 1, shaggy fur 1, tough skin 1
a: no special abilities


You were on level 5 of the Dungeon.
You visited 1 branch of the dungeon, and saw 1 of its levels.

Inventory:

Armour
 a - a +0 robe (worn)
Wands
 f - a wand of digging (3)
Scrolls
 b - a scroll of fog
 c - a scroll of magic mapping
 d - a scroll of fear


   Skills:
 + Level 2.4 Fighting
 + Level 1.6 Dodging
 + Level 2.7 Stealth
 + Level 2.0 Unarmed Combat


You couldn't memorise any spells.
You didn't know any spells.
Your spell library was empty.

Dungeon Overview and Level Annotations

Branches:
Dungeon (5/15)
 Temple: D:4-7

Altars:

Shops:
D:5 :


Innate Abilities, Weirdness & Mutations

You are too large for most types of armour.
You have claws for hands.
Your natural rate of healing is unusually fast.
You are covered in fur. (AC +1)
You have tough skin. (AC +1)


Message History

You scratch the jackal but do no damage.
The jackal bites you. x2
Unknown command.
You scratch the hornet zombie.
The hornet zombie is lightly damaged.
The hornet zombie hits you. The jackal closely misses you.
The hornet zombie hits you.
* * * LOW HITPOINT WARNING * * *
Unknown command.
You feel yourself speed up. The jackal closely misses you.
The jackal splashes around in the water.
The hornet zombie hits you.
* * * LOW HITPOINT WARNING * * *
The jackal barely misses you.
The jackal bites you but does no damage.
The jackal misses you.
You scratch the hornet zombie but do no damage.
The hornet zombie is lightly damaged.
The jackal bites you but does no damage.
The hornet zombie hits you but does no damage.
The jackal bites you but does no damage.
Unknown command.
You scratch the hornet zombie.
The hornet zombie is lightly damaged.
The jackal bites you but does no damage.
The jackal splashes around in the water.
The jackal bites you but does no damage.
The hornet zombie barely misses you.
Unknown command.
You scratch the hornet zombie but do no damage.
The hornet zombie is lightly damaged.
The jackal closely misses you. The jackal bites you.
* * * LOW HITPOINT WARNING * * *
The jackal bites you.
* * * LOW HITPOINT WARNING * * *
Unknown command.
You scratch the hornet zombie.
The hornet zombie is moderately damaged.
The hornet zombie hits you.
You die...

.####### .......###
#####.!.......
#...#.........
.##...#.........
......#≈≈≈......
......≈≈≈≈≈.....
......≈≈@h≈..#
......≈hhZ≈..#
#.... .....#≈.≈...#
.... ..>. #......#
#...#######......#
##...#.......######
#....#.>.....#
#....#.......#
+....#)......#


You could see a hornet zombie and 3 jackals.

Vanquished Creatures
  A jackal (D:5)
1 creature vanquished.

Notes
Turn   | Place    | Note
-------+----------+-------------------------------------------
     0 | D:5      | willcat the Troll Delver began the quest for the Orb.
     0 | D:5      | Reached XP level 1. HP: 22/22 MP: 0/0
     7 | D:5      | Noticed a hornet zombie
     9 | D:5      | Found Joraozol's Book Shop.
    29 | D:5      | Slain by a hornet zombie

Illustrated notes

Levels and vault maps discovered:
D:5:      layout_gridville, serial_shops, nicolae_shop_waterfront, uniq_pikel

Action                   || total
-------------------------++-------
Melee: Unarmed           ||    12
  Use: Potion            ||     1
Armor: Robe              ||    14
Dodge: Dodged            ||    14

Table legend: (Time is in decaauts)
 A = Elapsed time spent in this place.
 B = Non-inter-level travel time spent in this place.
 C = Inter-level travel time spent in this place.
 D = Time resting spent in this place.
 E = Time spent auto-exploring this place.
 F = Levels seen in this place.
 G = Mean time per level.
                   A        B        C        D        E       F      G
               +--------+--------+--------+--------+--------+-----+--------+
         Total |     28 |     28 |      0 |      0 |      2 |   1 |   28.0 |
       Dungeon |     28 |     28 |      0 |      0 |      2 |   1 |   28.0 |
               +--------+--------+--------+--------+--------+-----+--------+

Top non-repeatable levels by time:
     D:5: 28 daAuts
